 Dungeon Crawl Stone Soup version 0.31.0-11-ge490571c62 (webtiles) character file.

Game seed: 599498353665500002

6 Rassilon the Apothecary (level 1, -4/13 HPs)
             Began as a Demonspawn Alchemist on Feb 10, 2024.
             Slain by Terence
             ... wielding a +0 flail
              (7 damage)
             ... on level 2 of the Dungeon.
             The game lasted 00:03:21 (589 turns).

Rassilon the Apothecary (Demonspawn Alchemist)       Turns: 589, Time: 00:03:21

Health: -4/13      AC:  2    Str:  8    XL:     1   Next: 75%
Magic:  0/3        EV: 12    Int: 15    God:
Gold:   63         SH:  0    Dex: 13    Spells: 3/4 levels left

rFire   . . .        i - +1 short sword (drain)
rCold   . . .        (no shield)
rNeg    . . .        a - +0 robe
rPois   .            (no helmet)
rElec   .            (no cloak)
rCorr   .            (no gloves)
SInv    .            (no boots)
Will    .....        (no amulet)
Stlth   ++           (no ring)
HPRegen 0.22/turn    (no ring)
MPRegen 0.08/turn

%: no passive effects
@: no status effects
A: no striking features
a: no special abilities


You were on level 2 of the Dungeon.
You visited 1 branch of the dungeon, and saw 2 of its levels.

You collected 63 gold pieces.

Inventory:

Hand Weapons
 i - a +1 short sword of draining (weapon)
Armour
 a - a +0 robe (worn)
Talismans
 m - a serpent talisman
Scrolls
 d - a scroll of acquirement {unknown}
 f - 2 scrolls of identify {unknown}
 h - 2 scrolls of poison {unknown}
 j - a scroll of teleportation {unknown}
 k - 3 scrolls of blinking {unknown}
 l - a scroll of silence {unknown}
Potions
 b - a potion of magic
 c - 2 potions of curing {unknown}
 e - a potion of haste {unknown}
 g - a potion of enlightenment {unknown}


   Skills:
 + Level 1.9 Dodging
 + Level 1.9 Stealth
 + Level 2.1 Spellcasting
 + Level 1.1 Conjurations
 + Level 3.0 Alchemy
 + Level 0.0 Shapeshifting


You had 3 spell levels left.
You knew the following spells:

 Your Spells              Type           Power      Damage    Failure   Level
a - Sting                 Conj/Alch      28%        1d4       10%         1

Your spell library contained the following spells:

 Spells                   Type           Power      Damage    Failure   Level
 Mercury Vapours          Alch/Air       12%        N/A       19%         2
 Mephitic Cloud           Conj/Alch/Air  5%         N/A       36%         3
 Olgreb's Toxic Radiance  Alch           10%        N/A       52%         4
 Sticky Flame             Fire/Alch      6%         2d4       75%         4


Dungeon Overview and Level Annotations

Branches:
Dungeon (2/15)

Altars:

Annotations:
D:2 Terence


Message History

Terence shouts!
Terence is nearby!
An adder comes into view.
Found a scroll labelled IRAHOXOGRU.
Casting: Sting (safe; 10% risk of failure)
Confirm with . or Enter, or press ? or * to list all spells.
Aiming: Sting (safe; 10% risk of failure)
Press: ? - help, Shift-Dir - straight line, f - Terence
Aim: Terence, wielding a +0 flail and wearing a +0 ring mail (72% to hit)
The sting hits Terence.
Terence is poisoned.
Terence is moderately wounded.
You barely miss Terence.
Terence is lightly wounded.
Terence misses you. Terence attacks as he pursues you!
Terence hits you with a +0 flail!
Ouch! That really hurt!
* * * LOW HITPOINT WARNING * * *
You barely miss Terence.
Terence is moderately wounded.
Terence barely misses you.
Casting: Sting (safe; 10% risk of failure)
Confirm with . or Enter, or press ? or * to list all spells.
Aiming: Sting (safe; 10% risk of failure)
Press: ? - help, Shift-Dir - straight line, f/p - Terence
Aim: Terence, wielding a +0 flail and wearing a +0 ring mail (moderately wounded, poisoned, 72% to hit)
The sting hits Terence but does no damage.
Terence looks even sicker.
Terence is moderately wounded.
Terence misses you.
Casting: Sting (safe; 10% risk of failure)
Confirm with . or Enter, or press ? or * to list all spells.
Aiming: Sting (safe; 10% risk of failure)
Press: ? - help, Shift-Dir - straight line, f/p - Terence
Aim: Terence, wielding a +0 flail and wearing a +0 ring mail (heavily wounded, very poisoned, 72% to hit)
The sting hits Terence.
Terence looks even sicker.
Terence is severely wounded.
Terence hits you with a +0 flail!
Ouch! That really hurt!
You die...
Terence says, "That felt goooood."

. .[..# #...# #....... .. #...#
##'## ######## ..? #...# ##.#
.... #.S.# #..# .....#...####.##
.........##...###.#
.....#...........#
........##.############
.........>....@@.......
####.####.######################
#. #... .................... #
#..##.........########### #..
.........'.........# #..
.........#########.# #..
.........# #.# .........# #.#
.........# #.#


You could see Terence (very poisoned).

Vanquished Creatures
  An endoplasm (D:1)
  A giant cockroach (D:2)
  A goblin (D:1)
  A ball python (D:1)
  A frilled lizard (D:1)
  A kobold (D:1)
6 creatures vanquished.

Notes
Turn   | Place    | Note
-------+----------+-------------------------------------------
     0 | D:1      | Rassilon the Demonspawn Alchemist began the quest for the
                  | Orb.
     0 | D:1      | Reached XP level 1. HP: 13/13 MP: 3/3
   574 | D:2      | Noticed Terence
   589 | D:2      | Slain by Terence

Illustrated notes

Levels and vault maps discovered:
D:1:      shiori_shiawase, layout_rooms
D:2:      layout_basic, minmay_rat_gold_closets, uniq_terence

Action                     || total
---------------------------++-------
  Melee: Short sword       ||    15
   Cast: Sting             ||     6
   Stab: Sleeping          ||     1
 Armour: Robe              ||     7
  Dodge: Dodged            ||    16
